 Dungeon Crawl Stone Soup version 0.29-a0-732-g3d7fbe0af2 (webtiles) character file.

Game seed: 17569429197826411095

1622 buhh the Changer (level 8, 0/57 HPs)
             Began as an Octopode Transmuter on June 30, 2022.
             Was an Initiate of Cheibriados.
             Slain by a centaur (1 damage)
             ... on level 6 of the Dungeon.
             The game lasted 00:16:30 (11893 turns).

buhh the Changer (Octopode Transmuter)             Turns: 11893, Time: 00:16:30

Health: 0/57       AC:  1    Str: 10    XL:     8   Next: 96%
Magic:  7/11       EV: 19    Int: 19    God:    Cheibriados [......]
Gold:   260        SH:  0    Dex: 13    Spells: 5/11 levels left

rFire   . . .      SeeInvis .     - Unarmed
rCold   . . .      Faith    .   (no shield)
rNeg    + + .      Spirit   .   (helmet restricted)
rPois   .          Reflect  .   (no amulet)
rElec   .          Harm     .   b - ring of positive energy
rCorr   .          Rampage  .   a - ring of positive energy
Will    .....                   m - +4 ring of evasion
Stlth   +++.......              (no ring)
HPRegen 0.19/turn               (no ring)
MPRegen 0.12/turn               (no ring)
                                (no ring)
                                (no ring)

@: lethally poisoned (0 -> -21), hasted, quick
A: almost no armour, amphibious, 8 rings, camouflage 1, gelatinous body 1,
(nimble swimmer 1), tentacles
a: Renounce Religion


You were on level 6 of the Dungeon.
You worshipped Cheibriados.
Cheibriados was noncommittal.
You visited 2 branches of the dungeon, and saw 7 of its levels.
You also visited: Sewer.

You collected 260 gold pieces.

Inventory:

Missiles
 j - 6 poisoned darts
 n - a throwing net {!f}
Jewellery
 a - a ring of positive energy (right tentacle)
 b - a ring of positive energy (left tentacle)
 m - a +4 ring of evasion (on tentacle)
 p - a ring of flight
Wands
 v - a wand of digging (6)
 D - a wand of acid (3)
Scrolls
 g - a scroll of identify {!d}
 i - a scroll of silence {unknown}
 F - a scroll of enchant weapon
 P - 2 scrolls of magic mapping {!r!d}
 Q - 5 scrolls of fog
 X - a scroll of amnesia
Potions
 c - a potion of attraction
 d - 5 potions of degeneration
 f - a potion of might
 h - 2 potions of resistance {unknown}
 k - 8 potions of flight
 l - 2 potions of mutation {unknown}
 o - a potion of berserk rage {unknown}
 K - 2 potions of brilliance {!q!d}
 O - a potion of haste {!q!d}


   Skills:
 * Level 6.0 Fighting
 - Level 6.5 Dodging
 - Level 1.0 Stealth
 * Level 3.0 Unarmed Combat
 - Level 2.0 Spellcasting
 * Level 6.8 Transmutations
 - Level 1.0 Poison Magic


You had 5 spell levels left.
You knew the following spells:

 Your Spells              Type           Power      Damage    Failure   Level
a - Beastly Appendage     Tmut           56%        N/A       1%          1
b - Wereblood             Tmut           28%        N/A       1%          2
c - Spider Form           Tmut/Pois      16%        N/A       10%         3

Your spell library contained the following spells:

 Spells                   Type           Power      Damage    Failure   Level
 Magic Dart               Conj           4%         1d3       17%         1
 Ensorcelled Hibernation  Hex/Ice        2%         N/A       26%         2
 Searing Ray              Conj           2%         2d4       26%         2
 Ice Form                 Ice/Tmut       14%        N/A       38%         4
 Ozocubu's Armour         Ice            1%         N/A       45%         3
 Anguish                  Hex/Necr       0%         N/A       86%         4
 Fulminant Prism          Conj/Hex       0%         3d6       86%         4
 Summon Lightning Spire   Summ/Air       1%         N/A       86%         4
 Ozocubu's Refrigeration  Ice            0%         4d5       100%        7
 Storm Form               Tmut/Air       7%         N/A       100%        7
 Maxwell's Capacitive Co  Air            0%         ∞         100%        8


Dungeon Overview and Level Annotations

Branches:
Dungeon (6/15) Zot: 35516  Temple (1/1) D:4 Zot: 8971   Sewer (visited)

Altars:
Ashenzari
Cheibriados
Dithmenos
Hepliaklqana
Makhleb
Nemelex Xobeh
Qazlal
Sif Muna
Uskayaw

Annotations:
D:3 1 runed translucent door, Crazy Yiuf


Innate Abilities, Weirdness & Mutations

You cannot wear most types of armour.
You are amphibious.
You can wear up to eight rings at the same time.
Your skin changes colour to match your surroundings (Stealth+).
Your rubbery body absorbs attacks. (AC +1, EV +1)
((You are camouflaged when in or above water. (Stealth+)))
You have tentacles for arms and can constrict up to eight enemies at once.


Message History

The centaur completely misses you.
You closely miss the water moccasin.
The water moccasin is severely wounded.
You feel sick. The water moccasin closely misses you.
The centaur completely misses you. The centaur kicks you.
You barely miss the water moccasin.
The water moccasin is almost dead.
Your transformation has ended.
You feel very sick. The centaur completely misses you.
The centaur closely misses you. The water moccasin bites you.
You are more poisoned.
The water moccasin poisons you! The water moccasin bites you.
You are lethally poisoned!
The water moccasin poisons you! The centaur closely misses you.
The centaur kicks you.
You closely miss the water moccasin. Your grab misses the water moccasin.
Your squeeze misses the water moccasin.
The water moccasin is almost dead.
You feel very sick. The centaur misses you. The centaur kicks you.
The water moccasin bites you!
* * * LOW HITPOINT WARNING * * *
You miss the water moccasin. Your grab misses the water moccasin.
Your squeeze misses the water moccasin.
The water moccasin is almost dead.
* * * LOW HITPOINT WARNING * * *
You feel very sick.
The centaur looks more healthy.
The centaur misses you. The centaur completely misses you.
The water moccasin completely misses you.
The centaur completely misses you. x2
It was a potion of haste.
You feel yourself speed up.
Cheibriados forgives your accidental hurry, just this once.
O - a potion of haste
* * * LOW HITPOINT WARNING * * *
You feel very sick. The water moccasin bites you.
* * * LOW HITPOINT WARNING * * *
The centaur hits you.
You die...

.....## ......# ......#
≈≈≈...# #########
≈.≈...### #.......#
#.#.....## #.......#
#.#......#######.......#
#.#..............S......
#.#.......####..@c.....#
...............#.......#
.........#######.......#
.......(## #.......#
#.......## #..######
#######..#####...##
##...)...###
#.)#.........
#######.#########..


You could see a water moccasin (very poisoned) and a centaur.

Vanquished Creatures
  A water moccasin (D:6)
  An orc warrior (D:6)
  A black bear (D:5)
  2 ogres (D:5)
  A phantom (D:5)
  A bullfrog (D:5)
  A necrophage (D:5)
  2 scorpions (D:4)
  A gnoll sergeant (D:5)
  A howler monkey (D:4)
  3 jellies
  3 hounds (D:5)
  An orc priest (D:5)
  Jessica (D:2)
  2 iguanas
  Terence (D:3)
  An orc wizard (D:6)
  9 gnolls
  13 adders
  4 river rats (Sewer)
  A white imp (D:6)
  3 ufetubi
  4 worms
  2 dart slugs (D:2)
  11 orcs
  5 endoplasms
  4 giant cockroaches
  10 goblins
  11 hobgoblins
  14 jackals
  5 kobolds
  6 quokkas
  7 ball pythons
  9 bats
  3 frilled lizards
  2 rats
147 creatures vanquished.

Vanquished Creatures (others)
  A gnoll (D:4)
  A bush (D:6)
2 creatures vanquished.

Grand Total: 149 creatures vanquished

Notes
Turn   | Place    | Note
-------+----------+-------------------------------------------
     0 | D:1      | buhh the Octopode Transmuter began the quest for the Orb.
     0 | D:1      | Reached XP level 1. HP: 13/13 MP: 3/3
   167 | D:1      | Reached XP level 2. HP: 11/19 MP: 3/5
   712 | D:1      | Reached XP level 3. HP: 8/25 MP: 6/6
  1172 | D:1      | Found a faded altar of an unknown god.
  1384 | D:2      | Noticed Jessica
  1397 | D:2      | Killed Jessica
  1398 | D:2      | Reached XP level 4. HP: 16/33 MP: 7/7
  2884 | D:3      | Reached XP level 5. HP: 18/38 MP: 8/8
  3386 | D:3      | Noticed Terence
  3608 | D:3      | Found a runed translucent door.
  3609 | D:3      | Noticed Crazy Yiuf
  4080 | D:4      | Reached XP level 6. HP: 21/45 MP: 7/9
  4402 | D:5      | Entered Level 5 of the Dungeon
  4445 | D:5      | Found a glowing drain.
  4450 | Sewer    | Entered a sewer
  6641 | D:5      | Reached XP level 7. HP: 40/51 MP: 8/10
  6988 | D:5      | Learned a level 2 spell: Wereblood
  6992 | D:5      | Learned a level 3 spell: Spider Form
  7179 | D:5      | Found a broken altar of Ashenzari.
  7239 | D:5      | Reached XP level 8. HP: 26/57 MP: 6/11
 10516 | D:4      | Found a staircase to the Ecumenical Temple.
 10587 | Temple   | Entered the Ecumenical Temple
 10598 | Temple   | Became a worshipper of Cheibriados the Contemplative
 10787 | D:3      | Killed Terence
 11893 | D:6      | HP: 1/57 [water moccasin (5)]
 11893 | D:6      | Slain by a centaur

Illustrated notes

Levels and vault maps discovered:
D:1:      dreamdust_arrival_beginning_and_end, layout_rooms,
          ebering_ecumenical_altar_webs, minmay_misc_feat_nine_boxes
D:2:      layout_rooms, uniq_jessica
D:3:      layout_rooms, kennysheep_generic_room_15, uniq_crazy_yiuf_cottage,
          uniq_terence
D:4:      layout_loops_ring, temple_doors_e, st_stairs_8
D:5:      layout_loops_corners, cheibrodos_ashenzari_chains,
          gup_sewer_entry_bowl
D:6:      layout_rooms, marbit_many_paths, chequers_avenue,
          amcnicky_mini_corridor_feature, kb_lookout_dungeons_type
Temple:   compressed_dpeg_triangle_lava_temple

Skill      XL: |  1  2  3  4  5  6  7  8 |
---------------+-------------------------+-----
Stealth        | 1 |  1.0
Fighting       | 2 3 4 5 6 |  6.0
Dodging        | 3 4 6 |  6.5
Transmutations | 3 4 6 |  6.8
Poison Magic   | 1 |  1.0
Unarmed Combat | |  3.0
Spellcasting   | |  2.0

Action                   |  1- 3 |  4- 6 |  7- 9 || total
-------------------------+-------+-------+-------++-------
Melee: Unarmed           |    76 |   178 |   250 ||   504
       Constrict         |    25 |    41 |     5 ||    71
       Tentacles         |    13 |    34 |     6 ||    53
       Kick              |    21 |    59 |    12 ||    92
       Punch             |     3 |     1 |     2 ||     6
 Cast: Beastly Appendage |    14 |    46 |     4 ||    64
       Spider Form       |       |       |    30 ||    30
       Wereblood         |       |       |     2 ||     2
Evoke: Wand              |       |       |     4 ||     4
  Use: Potion            |     6 |     2 |     7 ||    15
       Scroll            |     2 |     8 |     2 ||    12
 Stab: Sleeping          |     1 |    10 |     1 ||    12
Armor: Skin              |    11 |    11 |     7 ||    29
Dodge: Dodged            |    80 |   129 |   244 ||   453

Table legend: (Time is in decaauts)
 A = Elapsed time spent in this place.
 B = Non-inter-level travel time spent in this place.
 C = Inter-level travel time spent in this place.
 D = Time resting spent in this place.
 E = Time spent auto-exploring this place.
 F = Levels seen in this place.
 G = Mean time per level.
                   A        B        C        D        E       F      G
               +--------+--------+--------+--------+--------+-----+--------+
         Total |  11968 |  11718 |    250 |   5425 |   4821 |   8 | 1496.0 |
       Dungeon |  10315 |  10076 |    239 |   4442 |   4376 |   6 | 1719.2 |
        Temple |     22 |     11 |     11 |      0 |      3 |   1 |   22.0 |
         Sewer |   1630 |   1630 |      0 |    983 |    442 |   1 | 1630.0 |
               +--------+--------+--------+--------+--------+-----+--------+

Top non-repeatable levels by time:
     D:5: 2855 daAuts
     D:4: 2587 daAuts
     D:1: 1726 daAuts
   Sewer: 1630 daAuts
     D:2: 1121 daAuts
     D:3: 1037 daAuts
     D:6: 987 daAuts
  Temple: 22 daAuts
